 Dungeon Crawl Stone Soup version 0.29.1-2-gbd0b4ee654 (webtiles) character file.

Game seed: 8903606653480349398

819 hawla the Frost Mage (level 8, -6/59 HPs)
             Began as a Meteoran Ice Elementalist on Nov 5, 2022.
             Mangled by an ice beast (13 damage)
             ... on level 6 of the Dungeon on Nov 6, 2022.
             The game lasted 00:15:07 (2877 turns).

hawla the Frost Mage (Meteoran Ice Elementalist)    Turns: 2877, Time: 00:15:09

Health: -6/59      AC:  3    Str:  9    XL:     8   Next: 39%
Magic:  4/18       EV: 13    Int: 18    God:
Gold:   222        SH:  0    Dex: 16    Spells: 11/19 levels left

rFire   + + .      SeeInvis .   m - staff of fire
rCold   . . .      Faith    .   (no shield)
rNeg    . . .      Spirit   .   a - +1 robe
rPois   .          Reflect  .   (no helmet)
rElec   .          Harm     .   (no cloak)
rCorr   .          Rampage  .   (no gloves)
Will    +....                   (no boots)
Stlth   +.........              (no amulet)
HPRegen 0.19/turn               g - ring of wizardry
MPRegen 0.16/turn               c - ring of protection from fire

@: glowing
A: sense surroundings 1, otherworldly, glowing, explore regen
a: no special abilities


You were on level 6 of the Dungeon.
You visited 1 branch of the dungeon, and saw 6 of its levels.

You collected 222 gold pieces.

Inventory:

Hand Weapons
 i - a +2 short sword of holy wrath
Armour
 a - a +1 robe (worn)
Magical Staves
 m - a staff of fire (weapon)
Jewellery
 c - a ring of protection from fire (right hand)
 g - a ring of wizardry (left hand)
Scrolls
 l - a scroll of immolation
 p - a scroll of poison
 q - a scroll of identify
Potions
 b - a potion of magic
 e - a potion of cancellation
 f - 2 potions of curing {unknown}
 j - a potion of mutation {unknown}
 k - a potion of brilliance {unknown}
 n - 3 potions of invisibility {unknown}
 o - a potion of berserk rage {unknown}


   Skills:
 + Level 1.0 Fighting
 + Level 0.3 Short Blades
 + Level 3.1 Dodging
 - Level 1.4 Stealth
 + Level 6.1 Spellcasting
 + Level 1.1 Conjurations
 + Level 2.0 Fire Magic
 + Level 8.1 Ice Magic
 + Level 2.0 Evocations


You had 11 spell levels left.
You knew the following spells:

 Your Spells              Type           Power      Damage    Failure   Level
a - Freeze                Ice            100%       1d11      1%          1
b - Frozen Ramparts       Ice            68%        1d11      1%          3
c - Hailstorm             Conj/Ice       22%        3d7       7%          4

Your spell library contained the following spells:

 Spells                   Type           Power      Damage    Failure   Level
 Ozocubu's Armour         Ice            34%        N/A       1%          3
 Conjure Flame            Conj/Fire      16%        6-21      8%          3
 Ignite Poison            Fire/Tmut/Pois 11%        N/A       11%         3
 Portal Projectile        Hex/Tloc       10%        N/A       14%         3
 Tukima's Dance           Hex            5%         N/A       14%         3
 Sticky Flame             Conj/Fire      16%        2d4       24%         4
 Blade Hands              Tmut           2%         N/A       75%         5


Dungeon Overview and Level Annotations

Branches:
Dungeon (6/15) Zot: 720
 Temple: D:4-7

Altars:
Hepliaklqana
Okawaru
Trog


Innate Abilities, Weirdness & Mutations

You passively map a small area around you.
You are easily found by Zot.
You glow in the dark.
You regain HP and MP as you explore.


Message History

The centaur is severely wounded.
The centaur shoots an arrow.
The arrow barely misses you.
The centaur shoots an arrow.
The arrow misses you.
The ice beast completely resists.
The wall freezes the ice beast but does no damage.
The ice beast misses you.
Casting: Hailstorm (dangerous; 8% risk of failure)
Confirm with . or Enter, or press ? or * to list all spells.
Casting: Hailstorm (dangerous; 8% risk of failure)
Press: ? - help, Dir - look around, f - activate A cannonade of hail descends around you!
The hail pelts the centaur!
You kill the centaur!
The ice beast completely resists.
The wall freezes the ice beast but does no damage.
The ice beast hits you. The ice beast freezes you!
* * * LOW HITPOINT WARNING * * *
Your Fighting skill increases to level 1!
Your Spellcasting skill increases to level 6!
The air fills with toxic fumes!
As you read the scroll labelled DUTALA OMOLA, it crumbles to dust.
It was a scroll of poison.
The wall freezes the ice beast but does no damage.
The ice beast hits you.
* * * LOW HITPOINT WARNING * * *
The ice beast freezes you.
* * * LOW HITPOINT WARNING * * *
Your frozen ramparts will break if you move.
Continue?
The frozen ramparts melt away as you move.
The ice beast attacks as you move away! The ice beast misses you.
You feel much better. The ice beast hits you. The ice beast freezes you!
* * * LOW HITPOINT WARNING * * *
Your magical contamination has completely faded away.
It was a potion of cancellation.
You feel magically purged. The necrophage hits you.
* * * LOW HITPOINT WARNING * * *
The ice beast hits you.
* * * LOW HITPOINT WARNING * * *
The ice beast freezes you!
You die...

* , , , , , ,, * , * * ,
#######* * * # , ,
#.....# .. #.....# , .n.
, #####.....## , , ...c
, #§§........# ,
#...###§§Y@..#...# *
*#...§§§§§n...#...# , ,
##...§§§.§.....###
#...§§§§###...# * , , ,
.....§.§....#...#######.
,
..:.###.....#.....).....
... #.....####........
.. #.....####........ ,
* . , #.................
, ,


You could see an ice beast and a necrophage.

Vanquished Creatures
  2 black bears
  2 centaurs
  A necrophage (D:4)
  The ghost of Oddbjorg the Trooper, a weakling OgMo (D:4)
  An orc priest (D:5)
  A jelly (D:4)
  Jessica (D:3)
  3 iguanas
  An orc wizard (D:4)
  9 adders
  An ufetubus (D:5)
  4 worms (D:2)
  3 dart slugs
  7 orcs
  5 ball pythons
  7 endoplasms
  3 giant cockroaches
  5 goblins
  5 hobgoblins
  2 jackals (D:1)
  4 quokkas
  2 bats
  5 frilled lizards
  3 kobolds
  5 rats
  A spectral orc (D:4)
84 creatures vanquished.

Vanquished Creatures (others)
  7 plants (D:1)
7 creatures vanquished.

Grand Total: 91 creatures vanquished

Notes
Turn   | Place    | Note
-------+----------+-------------------------------------------
     0 | D:1      | hawla the Meteoran Ice Elementalist began the quest for the
                  | Orb.
     0 | D:1      | Reached XP level 1. HP: 14/14 MP: 5/5
   176 | D:1      | Reached XP level 2. HP: 15/20 MP: 2/6
   402 | D:1      | Found a faded altar of an unknown god.
   404 | D:1      | Reached skill level 5 in Ice Magic
   404 | D:1      | Reached XP level 3. HP: 25/26 MP: 4/8
   500 | D:1      | Glimpsed the power of Zot.
   529 | D:2      | Learned a level 3 spell: Frozen Ramparts
   767 | D:2      | Reached XP level 4. HP: 33/33 MP: 6/10
  1101 | D:2      | Glimpsed the power of Zot.
  1228 | D:3      | Reached XP level 5. HP: 38/38 MP: 6/11
  1233 | D:3      | Learned a level 4 spell: Hailstorm
  1262 | D:3      | Found an iron altar of Okawaru.
  1310 | D:3      | Noticed Jessica
  1313 | D:3      | Killed Jessica
  1314 | D:3      | Reached skill level 6 in Ice Magic
  1418 | D:3      | Reached skill level 1 in Conjurations
  1701 | D:3      | Glimpsed the power of Zot.
  1721 | D:4      | Reached XP level 6. HP: 45/45 MP: 5/12
  1787 | D:4      | Found a bloodstained altar of Trog.
  1864 | D:4      | Noticed a black bear
  1869 | D:4      | Killed a black bear
  1870 | D:4      | Reached skill level 5 in Spellcasting
  1904 | D:4      | Found a runed translucent gate.
  1911 | D:4      | Found a runed translucent gate.
  1911 | D:4      | Found a runed translucent gate.
  1911 | D:4      | Noticed Oddbjorg's ghost (weakling OgMo)
  1925 | D:4      | Killed Oddbjorg's ghost
  1926 | D:4      | Reached skill level 1 in Fire Magic
  1926 | D:4      | Reached skill level 1 in Evocations
  1926 | D:4      | Reached XP level 7. HP: 50/50 MP: 6/15
  2019 | D:4      | Found a hazy altar of Hepliaklqana.
  2206 | D:5      | Entered Level 5 of the Dungeon
  2294 | D:5      | Reached skill level 7 in Ice Magic
  2453 | D:5      | Reached XP level 8. HP: 58/58 MP: 8/17
  2670 | D:5      | Reached skill level 8 in Ice Magic
  2872 | D:6      | Reached skill level 1 in Fighting
  2877 | D:6      | Mangled by an ice beast

Illustrated notes

Levels and vault maps discovered:
D:1:      wander_arrival_estate, layout_loops_cross,
          dilly_ecumenical_altar_fadedgnrine
D:2:      layout_loops_ring, nrook_mini_backslash, minmay_door_square
D:3:      layout_loops_ring, okawaru_trees_2, minmay_stone_trees_small,
          uniq_jessica
D:4:      layout_rooms, nicolae_hepliaklqana_monster_ancestors,
          mainiacjoe_overflow_concentric_impassable, ebering_ghost_rock_garden
D:5:      layout_loops_ring
D:6:      layout_basic, pdpol_wu_jian_five_deadly_venoms, temple_hall

Skill      XL: |  1  2  3  4  5  6  7  8 |
---------------+-------------------------+-----
Ice Magic      | 5 6 7 8 |  8.1
Spellcasting   | 3 5 6 |  6.1
Conjurations   | 1 |  1.1
Fire Magic     | 1 2 |  2.0
Evocations     | 1 2 |  2.0
Dodging        | 3 |  3.1
Fighting       | 1 |  1.0
Short Blades   | |  0.3
Stealth        | |  1.4

Action                   |  1- 3 |  4- 6 |  7- 9 || total
-------------------------+-------+-------+-------++-------
Melee: Unarmed           |     9 |       |       ||     9
       Short sword       |       |     9 |     8 ||    17
       Staff             |       |    12 |    10 ||    22
 Cast: Freeze            |    38 |    28 |     9 ||    75
       Frozen Ramparts   |    11 |    23 |    16 ||    50
       Hailstorm         |       |     3 |     6 ||     9
  Use: Scroll            |       |     6 |     4 ||    10
       Potion            |       |       |     2 ||     2
Armor: Robe              |     8 |    10 |       ||    18
Dodge: Dodged            |    19 |    34 |    26 ||    79
